[Event "POL-chT 2 Liga 2019"]
[Site "Poronin"]
[Date "2019.09.07"]
[Round "1.30"]
[White "Swiech, Joanna"]
[Black "Jalowiec, Halina"]
[Result "1/2-1/2"]
[ECO "A41"]
[WhiteElo "2055"]
[BlackElo "1842"]
[Annotator "NA"]
[PlyCount "85"]
[EventDate "2019.09.07"]
[EventType "team-tourn"]
[EventCountry "POL"]
[SourceTitle "playchess.com"]
[Source "ChessBase"]
[SourceQuality "1"]
[TimeControl "40/5400+30:1800+30"]

1. d4 d6 2. c4 e5 3. d5 f5 4. Nc3 Nf6 5. Qc2 Be7 6. e4 fxe4 7. Nxe4 O-O 8. Bd3 h6 9. Ne2 Na6 10. Bd2 Nxe4 11. Bxe4 Bg5 12. Ng3 Bxd2+ 13. Qxd2 Nc5 14. Bb1 a5 15. Qc2 e4 16. O-O Qh4 17. f3 Bf5 18. Qc3 b6 19. Bc2 Rae8 20. a3 Re5 21. b4 axb4 22. axb4 Nd7 23. fxe4 Bg6 24. Rxf8+ Nxf8 25. Qe3 Qe7 26. Qf3 Nd7 27. Re1 Nf6 28. Bd3 h5 29. Re2 h4 30. Nf5 Bxf5 31. exf5 Rxe2 32. Qxe2 Qxe2 33. Bxe2 Ne4 34. Bd3 Ng5 35. Kf2 Kf7 36. Ke3 Kf6 37. Kf4 Nf7 38. Be2 Ne5 39. g4 hxg3 40. hxg3 Nf7 41. g4 Ng5 42. Bf1 Nf7 43. Be2 1/2-1/2

[Event "POL-chT 2 Liga 2019"]
[Site "Poronin"]
[Date "2019.09.07"]
[Round "1.31"]
[White "Marszalek, Maciej"]
[Black "Niekras, Dawid"]
[Result "1/2-1/2"]
[ECO "E70"]
[WhiteElo "2301"]
[BlackElo "2296"]
[Annotator "ChessBase"]
[PlyCount "96"]
[EventDate "2019.09.07"]
[EventType "team-tourn"]
[EventCountry "POL"]
[SourceTitle "playchess.com"]
[Source "ChessBase"]
[SourceQuality "1"]
[TimeControl "40/5400+30:1800+30"]

1. d4 Nf6 2. c4 g6 3. Nc3 Bg7 4. e4 d6 5. Bd3 O-O 6. Nge2 Nc6 7. O-O e5 8. d5 Nd4 9. Nxd4 exd4 10. Ne2 Re8 11. f3 Nd7 12. Rb1 c5 13. f4 Nf6 14. Ng3 h5 15. Re1 h4 16. Nh1 Ng4 17. Nf2 Ne3 18. Qf3 b5 19. Bxe3 dxe3 20. Rxe3 Qa5 21. e5 bxc4 22. Bxc4 Bf5 23. Rbe1 Rab8 24. Qe2 dxe5 25. fxe5 Bh6 26. Rc3 Bf4 27. e6 fxe6 28. dxe6 Qc7 29. h3 Re7 30. Bd3 Rbe8 31. Bxf5 gxf5 32. Qd3 Rf8 33. b4 Qd8 34. bxc5 Bd2 35. Qxd8 Rxd8 36. Rd1 Rxe6 37. Rc2 Bg5 38. Rxd8+ Bxd8 39. Nd3 Bc7 40. Kf2 Kf7 41. Kf3 Re4 42. Rb2 Rd4 43. Ke3 Re4+ 44. Kf2 Ke6 45. Kf3 Rd4 46. Ke3 Re4+ 47. Kf3 Rd4 48. Ke3 Re4+ {[%emt 0:00:09] Kxe4 Ke5+} 1/2-1/2

[Event "POL-chT 2 Liga 2019"]
[Site "Poronin"]
[Date "2019.09.07"]
[Round "1.32"]
[White "Zakrzewski, Marek"]
[Black "Brzeski, Maciej"]
[Result "0-1"]
[ECO "B32"]
[WhiteElo "2285"]
[BlackElo "2339"]
[Annotator "ChessBase"]
[PlyCount "124"]
[EventDate "2019.09.07"]
[EventType "team-tourn"]
[EventCountry "POL"]
[SourceTitle "playchess.com"]
[Source "ChessBase"]
[SourceQuality "1"]
[TimeControl "40/5400+30:1800+30"]

1. e4 c5 2. Nf3 Nc6 3. d4 cxd4 4. Nxd4 e5 5. Nb5 d6 6. N1c3 a6 7. Na3 b5 8. Nd5 Nge7 9. c4 Nd4 10. Bd3 Nxd5 11. cxd5 Be7 12. O-O f5 13. exf5 Nxf5 14. Nc2 O-O 15. a4 bxa4 16. Rxa4 a5 17. Nb4 Bd7 18. Nc6 Bxc6 19. dxc6 d5 20. Bxf5 Rxf5 21. Qc2 Rf8 22. c7 Qd7 23. Bd2 Bd6 24. Rc1 Bxc7 25. Rh4 g5 26. Bxg5 Bb6 27. Rf1 Rxf2 28. Rxf2 Rf8 29. Bf4 Rxf4 30. Rhxf4 exf4 31. Kf1 Bxf2 32. Kxf2 d4 33. Qe4 Qd6 34. Qa8+ Kg7 35. Qxa5 d3 36. Qg5+ Kh8 37. Qh5 d2 38. Qd1 Qd4+ 39. Ke2 Qe3+ 40. Kf1 Qd3+ 41. Kf2 Qe3+ 42. Kf1 Kg7 43. b4 Kf6 44. b5 Ke5 45. b6 Qd3+ 46. Kf2 Kd6 47. h4 h5 48. Kg1 Kc6 49. Qa4+ Kxb6 50. Qd1 Kc7 51. Kf2 Qe3+ 52. Kf1 Kd6 53. Qe2 Ke7 54. Qd1 Kf6 55. Qe2 Qd4 56. Qd1 Qd3+ 57. Kf2 Kg6 58. Kg1 Kf5 59. Qxh5+ Ke4 60. Qd1 f3 61. gxf3+ Ke3 62. h5 Qc4 0-1

[Event "POL-chT 2 Liga 2019"]
[Site "Poronin"]
[Date "2019.09.07"]
[Round "1.33"]
[White "Jaskolka, Tomasz"]
[Black "Bajerlein, Dawid"]
[Result "1-0"]
[ECO "A45"]
[WhiteElo "2236"]
[BlackElo "2035"]
[Annotator "ChessBase"]
[PlyCount "67"]
[EventDate "2019.09.07"]
[EventType "team-tourn"]
[EventCountry "POL"]
[SourceTitle "playchess.com"]
[Source "ChessBase"]
[SourceQuality "1"]
[TimeControl "40/5400+30:1800+30"]

1. d4 Nf6 2. Bf4 g6 3. Nc3 d5 4. e3 Bg7 5. h4 O-O 6. h5 c5 7. hxg6 hxg6 8. Nf3 Nc6 9. Ne5 cxd4 10. Nxc6 bxc6 11. exd4 c5 12. dxc5 e5 13. Bg5 Qa5 14. Qd2 Rd8 15. Ne4 Qxd2+ 16. Nxd2 Bf5 17. Ba6 Bxc2 18. Bb7 Rab8 19. c6 Re8 20. Bxf6 Bxf6 21. g4 d4 22. Rc1 d3 23. Ne4 Be7 24. Kd2 f5 25. gxf5 gxf5 26. Rcg1+ Kf7 27. Rh7+ Ke6 28. Rg6+ Kd5 29. Rxe7 Rxe7 30. c7+ Rxb7 31. c8=Q Kxe4 32. Qc6+ Kf4 33. Rg3 e4 34. Qd6+ 1-0

[Event "POL-chT 2 Liga 2019"]
[Site "Poronin"]
[Date "2019.09.07"]
[Round "1.34"]
[White "Hemmerling, Jaroslaw"]
[Black "Lukasiewicz, Grzegorz"]
[Result "1/2-1/2"]
[ECO "D10"]
[WhiteElo "1910"]
[BlackElo "2164"]
[Annotator "ChessBase"]
[PlyCount "69"]
[EventDate "2019.09.07"]
[EventType "team-tourn"]
[EventCountry "POL"]
[SourceTitle "playchess.com"]
[Source "ChessBase"]
[SourceQuality "1"]
[TimeControl "40/5400+30:1800+30"]

1. d4 d5 2. c4 c6 3. e3 e6 4. Nc3 f5 5. Bd3 Nf6 6. Qc2 Be7 7. cxd5 cxd5 8. Nge2 O-O 9. O-O Nc6 10. a3 Bd6 11. f4 Bd7 12. Bd2 Rc8 13. b4 Ne4 14. Be1 Qe7 15. Qb3 Kh8 16. Na4 b6 17. Ba6 Rc7 18. Nac3 Nb8 19. Bd3 a6 20. a4 Rfc8 21. b5 a5 22. Bxe4 dxe4 23. Bd2 Be8 24. Rac1 Ba3 25. Ra1 Bb4 26. Rac1 Nd7 27. Nb1 Bd6 28. Rxc7 Rxc7 29. Rc1 Nf6 30. Rxc7 Bxc7 31. Na3 Nd5 32. Nc4 g5 33. Ne5 gxf4 34. Nxf4 Bf7 35. Qc4 1/2-1/2

[Event "POL-chT 2 Liga 2019"]
[Site "Poronin"]
[Date "2019.09.07"]
[Round "1.35"]
[White "Pulik, Krzysztof"]
[Black "Bernat, Marcin"]
[Result "1-0"]
[ECO "C10"]
[WhiteElo "2131"]
[BlackElo "2023"]
[Annotator "ChessBase"]
[PlyCount "29"]
[EventDate "2019.09.07"]
[EventType "team-tourn"]
[EventCountry "POL"]
[SourceTitle "playchess.com"]
[Source "ChessBase"]
[SourceQuality "1"]
[TimeControl "40/5400+30:1800+30"]

1. e4 e6 2. d4 d5 3. Nd2 dxe4 4. Nxe4 Nd7 5. Nf3 Ngf6 6. Bd3 Nxe4 7. Bxe4 Nf6 8. Bd3 c5 9. Be3 Nd5 10. O-O Nxe3 11. fxe3 cxd4 12. Ne5 Qd5 13. Nxf7 Bd6 14. e4 Qc5 15. Nxh8 1-0

[Event "POL-chT 2 Liga 2019"]
[Site "Poronin"]
[Date "2019.09.07"]
[Round "1.36"]
[White "Kupsik, Joanna"]
[Black "Lukasiewicz, Anna"]
[Result "0-1"]
[ECO "B35"]
[WhiteElo "1732"]
[BlackElo "2075"]
[Annotator "NA"]
[PlyCount "78"]
[EventDate "2019.09.07"]
[EventType "team-tourn"]
[EventCountry "POL"]
[SourceTitle "playchess.com"]
[Source "ChessBase"]
[SourceQuality "1"]
[TimeControl "40/5400+30:1800+30"]

1. e4 c5 2. Nf3 Nc6 3. d4 cxd4 4. Nxd4 g6 5. Nc3 Bg7 6. Be3 Nf6 7. Bc4 O-O 8. Bb3 d6 9. O-O Ng4 10. Nxc6 bxc6 11. Bf4 a5 12. Qd2 Ba6 13. Rfe1 Qc7 14. Rad1 Ne5 15. Bh6 Qa7 16. Be3 c5 17. Nd5 Bb5 18. Nc3 Bc6 19. Bh6 a4 20. Bxg7 Kxg7 21. Bd5 Bxd5 22. Qxd5 Qa5 23. f4 e6 24. Qxd6 Nc4 25. Qe7 Nxb2 26. Nd5 exd5 27. Qe5+ Kg8 28. Qxb2 d4 29. Re2 a3 30. Qa1 Rab8 31. Rd3 Rb2 32. Rb3 Rb8 33. Rf2 R8xb3 34. axb3 a2 35. Rf1 Rxc2 36. Rd1 Qc3 37. Qxc3 Rxc3 38. Ra1 Rc2 39. h3 d3 0-1

[Event "POL-chT 2 Liga 2019"]
[Site "Poronin"]
[Date "2019.09.07"]
[Round "1.37"]
[White "Nowicki, Bartosz"]
[Black "Oglaza, Oskar"]
[Result "0-1"]
[ECO "B90"]
[WhiteElo "2349"]
[BlackElo "2351"]
[Annotator "ChessBase"]
[PlyCount "54"]
[EventDate "2019.09.07"]
[EventType "team-tourn"]
[EventCountry "POL"]
[SourceTitle "playchess.com"]
[Source "ChessBase"]
[SourceQuality "1"]
[TimeControl "40/5400+30:1800+30"]

1. e4 c5 2. Nf3 d6 3. d4 cxd4 4. Nxd4 Nf6 5. Nc3 a6 6. Be3 e6 7. f3 b5 8. Qd2 b4 9. Na4 Nbd7 10. O-O-O Qa5 11. b3 Bb7 12. g4 Nc5 13. a3 Nxa4 14. axb4 Qc7 15. bxa4 d5 16. e5 Nd7 17. f4 a5 18. bxa5 Ba6 19. Nb5 Bxb5 20. axb5 Ba3+ 21. Kb1 O-O 22. a6 Rxa6 23. Bd4 Rb8 24. c3 Ra4 25. Qc2 Qa5 26. Qb3 Bc5 27. Kc1 Ra3 0-1

[Event "POL-chT 2 Liga 2019"]
[Site "Poronin"]
[Date "2019.09.07"]
[Round "1.38"]
[White "Pacan-Milej, Kosma"]
[Black "Suliborski, Jakub"]
[Result "1-0"]
[ECO "A42"]
[WhiteElo "2287"]
[BlackElo "2169"]
[Annotator "ChessBase"]
[PlyCount "107"]
[EventDate "2019.09.07"]
[EventType "team-tourn"]
[EventCountry "POL"]
[SourceTitle "playchess.com"]
[Source "ChessBase"]
[SourceQuality "1"]
[TimeControl "40/5400+30:1800+30"]

1. d4 g6 2. e4 Bg7 3. c4 d6 4. Nc3 Nc6 5. d5 Nd4 6. Be3 e5 7. Nge2 Nxe2 8. Bxe2 f5 9. exf5 Bxf5 10. g4 Bd7 11. h4 c5 12. h5 Qa5 13. hxg6 hxg6 14. Rxh8 Bxh8 15. Qc2 Kf7 16. O-O-O Nf6 17. g5 Bf5 18. Bd3 e4 19. Nxe4 Nxe4 20. Bxe4 Bxe4 21. Qxe4 Re8 22. Qf4+ Ke7 23. Rh1 Be5 24. Rh7+ Kd8 25. Qg4 Re7 26. Rxe7 Kxe7 27. Kb1 Qe1+ 28. Bc1 Bd4 29. f3 Qe2 30. Qe4+ Qxe4+ 31. fxe4 Be5 32. Kc2 a6 33. Kb3 Kd7 34. Ka4 Kc7 35. Ka5 Bd4 36. a3 Be5 37. b4 cxb4 38. axb4 Bd4 39. Bf4 Kd7 40. Bd2 Kc7 41. Bf4 Kd7 42. b5 axb5 43. Kxb5 b6 44. Ka4 Kc7 45. Kb3 Bg7 46. Be3 Bf8 47. Ka4 Be7 48. Kb5 Kb7 49. Bxb6 Bxg5 50. e5 dxe5 51. c5 e4 52. c6+ Ka8 53. d6 e3 54. d7 1-0

[Event "POL-chT 2 Liga 2019"]
[Site "Poronin"]
[Date "2019.09.07"]
[Round "1.40"]
[White "Punin, Andrii"]
[Black "Kowalec, Maciej"]
[Result "0-1"]
[ECO "C18"]
[WhiteElo "2325"]
[BlackElo "2054"]
[Annotator "RC"]
[PlyCount "120"]
[EventDate "2019.09.07"]
[EventType "team-tourn"]
[EventCountry "POL"]
[SourceTitle "playchess.com"]
[Source "ChessBase"]
[SourceQuality "1"]
[TimeControl "40/5400+30:1800+30"]

1. e4 e6 2. d4 d5 3. Nc3 Bb4 4. e5 c5 5. a3 Bxc3+ 6. bxc3 Ne7 7. Qg4 Qc7 8. Qxg7 Rg8 9. Qxh7 cxd4 10. Ne2 Nbc6 11. f4 Bd7 12. h4 dxc3 13. h5 d4 14. h6 O-O-O 15. Qd3 Be8 16. h7 Rh8 17. g4 Qb6 18. Bg2 Na5 19. Be4 Bb5 20. Qf3 Qa6 21. f5 d3 22. Nxc3 dxc2 23. Bxc2 Bd3 24. Ra2 Qc4 25. Bd2 Nec6 26. Qe3 Bxc2 27. Rxc2 Nd4 28. Rb2 Qc6 29. Qe4 Nc4 30. fxe6 fxe6 31. Qxc6+ bxc6 32. Ne4 Nxb2 33. Nd6+ Kd7 34. Bc3 Nd3+ 35. Kd2 Nxe5 36. Nb7 Ndf3+ 37. Ke3 Rdf8 38. Nc5+ Ke7 39. Rb1 Nxg4+ 40. Ke2 e5 41. Rb7+ Kd6 42. Bb4 Kd5 43. Rd7+ Kc4 44. Ne6 Rf6 45. Nd8 Nd4+ 46. Ke1 Nc2+ 47. Kd2 Nxb4 48. axb4 Rf2+ 49. Ke1 Rh2 50. Rg7 Rxd8 51. Rg8 Rxh7 52. Rxd8 Kxb4 53. Rg8 Nf6 54. Rg6 Rf7 55. Ke2 c5 56. Rg1 c4 57. Rb1+ Kc5 58. Kd2 Nd5 59. Re1 Kd4 60. Kc1 Nb4 0-1

[Event "POL-chT 2 Liga 2019"]
[Site "Poronin"]
[Date "2019.09.07"]
[Round "1.41"]
[White "Parol, Pola"]
[Black "Kowalczyk, Pawel"]
[Result "0-1"]
[ECO "B84"]
[WhiteElo "2062"]
[BlackElo "2294"]
[Annotator "ChessBase"]
[PlyCount "136"]
[EventDate "2019.09.07"]
[EventType "team-tourn"]
[EventCountry "POL"]
[SourceTitle "playchess.com"]
[Source "ChessBase"]
[SourceQuality "1"]
[TimeControl "40/5400+30:1800+30"]

1. e4 c5 2. Nf3 e6 3. d4 cxd4 4. Nxd4 Nf6 5. Nc3 d6 6. Be2 a6 7. O-O Be7 8. f4 Qc7 9. Be3 b5 10. a3 Bb7 11. Bf3 Nbd7 12. Qe1 Rc8 13. Qg3 h5 14. Rae1 Ng4 15. Bxg4 hxg4 16. Qxg4 Nf6 17. Qf3 Qb8 18. Bf2 Qa8 19. Re2 Rc5 20. Rfe1 Rch5 21. h3 g5 22. fxg5 Rxg5 23. Rf1 Rh7 24. Qe3 Rg8 25. Be1 Nd7 26. Bg3 Qc8 27. Nb3 Rhg7 28. Bh2 Ba8 29. Kh1 f5 30. Qh6 Rg6 31. Qf4 Nf6 32. Rff2 fxe4 33. Qe3 e5 34. Nd2 Nd5 35. Nxd5 Bxd5 36. Nxe4 Qc6 37. g4 Bc4 38. Re1 d5 39. b3 d4 40. Qg3 Bd5 41. Rfe2 Re6 42. Kg1 Kd7 43. Qd3 Bxa3 44. Nd2 Qc3 45. Qh7+ Re7 46. Qf5+ Be6 47. Qxe5 Qxh3 48. Qc7+ Ke8 49. Qc6+ Kf8 50. Rf1+ Bf7 51. Rg2 Qe3+ 52. Kh1 Qe6 53. Qf3 Rg6 54. Qf4 Qd5 55. Nf3 Kg8 56. Nh4 Re2 57. Qb8+ Bf8 58. Qg3 Rxg2 59. Qxg2 Rxg4 60. Qxd5 Bxd5+ 61. Nf3 a5 62. Be5 d3 63. cxd3 Bxb3 64. Kh2 Bd5 65. Rf2 a4 66. d4 a3 67. Nd2 a2 68. Rf1 Rg2+ 0-1

[Event "POL-chT 2 Liga 2019"]
[Site "Poronin"]
[Date "2019.09.07"]
[Round "1.42"]
[White "Starosta, Martyna"]
[Black "Lapa, Aleksandra"]
[Result "1-0"]
[ECO "B34"]
[WhiteElo "1814"]
[BlackElo "1646"]
[Annotator "NA"]
[PlyCount "89"]
[EventDate "2019.09.07"]
[EventType "team-tourn"]
[EventCountry "POL"]
[SourceTitle "playchess.com"]
[Source "ChessBase"]
[SourceQuality "1"]
[TimeControl "40/5400+30:1800+30"]

1. e4 c5 2. Nf3 Nc6 3. d4 cxd4 4. Nxd4 Nf6 5. Nc3 e5 6. Ndb5 d6 7. Nd5 Nxd5 8. exd5 Nb8 9. a4 Be7 10. Be2 O-O 11. O-O f5 12. f4 e4 13. Be3 a6 14. Na3 Bf6 15. Nc4 Nd7 16. a5 Qe7 17. Qd2 h6 18. Qb4 Qf7 19. Nxd6 Be7 20. Nxf7 Bxb4 21. Ne5 Bd6 22. Nc4 Bc5 23. Kf2 Bxe3+ 24. Kxe3 b5 25. axb6 Rb8 26. Ra5 Rf6 27. Kd4 Nxb6 28. Ne5 Nd7 29. Nc6 Ra8 30. Rfa1 Bb7 31. Bxa6 Bxc6 32. dxc6 Rxc6 33. Bc4+ Rxc4+ 34. Kxc4 Rc8+ 35. Kb3 Rb8+ 36. Kc3 Rc8+ 37. Kd2 Nb6 38. b3 Rd8+ 39. Ke2 Kh7 40. Rxf5 Nd5 41. Ra7 Rd6 42. Rxd5 Rxd5 43. Ra4 Rc5 44. Rc4 Ra5 45. Rxe4 1-0

[Event "POL-chT 2 Liga 2019"]
[Site "Poronin"]
[Date "2019.09.07"]
[Round "1.43"]
[White "Pniaczek, Marek"]
[Black "Helis, Tadeusz"]
[Result "1/2-1/2"]
[ECO "B41"]
[WhiteElo "2226"]
[BlackElo "2166"]
[Annotator "ChessBase"]
[PlyCount "178"]
[EventDate "2019.09.07"]
[EventType "team-tourn"]
[EventCountry "POL"]
[SourceTitle "playchess.com"]
[Source "ChessBase"]
[SourceQuality "1"]
[TimeControl "40/5400+30:1800+30"]

1. e4 c5 2. Nf3 e6 3. d4 cxd4 4. Nxd4 a6 5. g3 Nc6 6. Bg2 Qc7 7. O-O Nf6 8. c4 Nxd4 9. Qxd4 Bc5 10. Qd3 d6 11. Nc3 Ng4 12. b3 Bd7 13. Bb2 O-O 14. Rad1 b5 15. Qe2 Ne5 16. cxb5 axb5 17. Kh1 b4 18. Na4 Bxa4 19. bxa4 Rxa4 20. f4 Nd7 21. Ba1 e5 22. Bh3 Nb6 23. fxe5 dxe5 24. Rc1 Ra5 25. Qh5 Re8 26. Rf5 g6 27. Qg5 Nd7 28. Rff1 Nf8 29. Qf6 Qe7 30. Qc6 Bd4 31. Qc4 Bxa1 32. Rxa1 Rea8 33. Rf2 R8a7 34. Raf1 Qc5 35. Qb3 Ra3 36. Qb1 Qc4 37. Rc1 Rc3 38. Rcf1 Rc7 39. Bg2 Ne6 40. Qd1 Nd4 41. Qa4 Kg7 42. Qe8 Qe6 43. Qb8 Rc2 44. Qxb4 Qxa2 45. Rxc2 Rxc2 46. Qe7 Qe6 47. Qg5 h6 48. Qd8 Rc8 49. Qa5 h5 50. Qd2 h4 51. gxh4 Rh8 52. Qg5 Rh5 53. Qd8 Nc6 54. Qd5 Nd4 55. Qd8 Rh8 56. Qg5 Ne2 57. Bf3 Nf4 58. Bg4 Qf6 59. Qxf6+ Kxf6 60. h5 gxh5 61. Bf5 Rb8 62. Kg1 Rb2 63. Rf2 Rxf2 64. Kxf2 Kg5 65. Bc8 Ng6 66. Kg3 h4+ 67. Kf3 Nf4 68. Bf5 Nd3 69. Ke3 Nb4 70. Bd7 Nc2+ 71. Kf3 Nd4+ 72. Ke3 Kf6 73. Bg4 Ne6 74. Kf3 Ng5+ 75. Ke3 Ke7 76. Bh5 Kd6 77. Bg4 Kc5 78. Kd3 Kb4 79. Bh5 Kb3 80. Bd1+ Kb4 81. Bh5 f6 82. Bg4 Kc5 83. Bh5 Ne6 84. Ke3 Nd4 85. Bg6 Kb4 86. Bh7 Kc3 87. Bg6 Kc2 88. Bh5 Kc1 89. Bg4 Kc2 1/2-1/2

[Event "POL-chT 2 Liga 2019"]
[Site "Poronin"]
[Date "2019.09.07"]
[Round "1.45"]
[White "Smolka, Marcin"]
[Black "Walkusz, Witoslaw"]
[Result "1/2-1/2"]
[ECO "C55"]
[WhiteElo "2178"]
[BlackElo "2061"]
[Annotator "ChessBase"]
[PlyCount "38"]
[EventDate "2019.09.07"]
[EventType "team-tourn"]
[EventCountry "POL"]
[SourceTitle "playchess.com"]
[Source "ChessBase"]
[SourceQuality "1"]
[TimeControl "40/5400+30:1800+30"]

1. e4 e5 2. Nf3 Nc6 3. Bc4 Nf6 4. d3 h6 5. c3 Be7 6. O-O a6 7. Bb3 d5 8. exd5 Nxd5 9. Re1 Qd6 10. d4 exd4 11. Nxd4 Nxd4 12. Qxd4 Be6 13. Bxd5 Qxd5 14. Qxd5 Bxd5 15. Bf4 Rc8 16. Na3 Be6 17. Nc2 c5 18. Ne3 Rd8 19. h3 g5 1/2-1/2

[Event "POL-chT 2 Liga 2019"]
[Site "Poronin"]
[Date "2019.09.07"]
[Round "1.46"]
[White "Kubica, Kamil"]
[Black "Wozniak, Mariola"]
[Result "1-0"]
[ECO "A81"]
[WhiteElo "2099"]
[BlackElo "2158"]
[Annotator "ChessBase"]
[PlyCount "47"]
[EventDate "2019.09.07"]
[EventType "team-tourn"]
[EventCountry "POL"]
[SourceTitle "playchess.com"]
[Source "ChessBase"]
[SourceQuality "1"]
[TimeControl "40/5400+30:1800+30"]

1. d4 f5 2. g3 Nf6 3. Bg2 g6 4. Nh3 Bg7 5. Nf4 e6 6. h4 Nc6 7. h5 g5 8. h6 Bf8 9. Nh3 g4 10. Nf4 d5 11. b3 Bd7 12. Bb2 Qe7 13. Nd2 O-O-O 14. c4 Be8 15. Rc1 Rg8 16. Qc2 Nb4 17. Qb1 dxc4 18. bxc4 Qd7 19. d5 Nfxd5 20. cxd5 Bf7 21. Nc4 Nxd5 22. Ne5 Bb4+ 23. Kf1 Qe7 24. Bxd5 1-0

[Event "POL-chT 2 Liga 2019"]
[Site "Poronin"]
[Date "2019.09.07"]
[Round "1.48"]
[White "Dziodzio, Angelika"]
[Black "Murawko, Katarzyna"]
[Result "1-0"]
[ECO "B27"]
[WhiteElo "2117"]
[BlackElo "2062"]
[Annotator "ChessBase"]
[PlyCount "74"]
[EventDate "2019.09.07"]
[EventType "team-tourn"]
[EventCountry "POL"]
[SourceTitle "playchess.com"]
[Source "ChessBase"]
[SourceQuality "1"]
[TimeControl "40/5400+30:1800+30"]

1. e4 c5 2. Nf3 g6 3. d4 Bg7 4. c3 Qb6 5. dxc5 Qxc5 6. Be3 Qc7 7. Qb3 Nh6 8. Na3 Nc6 9. Nb5 Qb8 10. Be2 O-O 11. h3 d6 12. O-O a6 13. Nbd4 e5 14. Nc2 Be6 15. Qa3 f6 16. Bb6 Nf7 17. Ne3 f5 18. Nd2 Ne7 19. Rad1 Qc8 20. Ndc4 Qc6 21. Qb4 Nc8 22. exf5 gxf5 23. Ba5 f4 24. Ng4 b6 25. Nxb6 Rb8 26. Bf3 d5 27. Nxd5 Bxg4 28. Qxb8 Bxf3 29. gxf3 Ng5 30. Qxc8 Nxf3+ 31. Kh1 Rxc8 32. Ne7+ Kf7 33. Nxc6 Rxc6 34. Rd7+ Kg8 35. Rfd1 Rh6 36. Kg2 e4 37. Re7 Rg6+ {c4} 1-0

[Event "POL-chT 2 Liga 2019"]
[Site "Poronin"]
[Date "2019.09.07"]
[Round "1.49"]
[White "Kukula, Pawel"]
[Black "Wandzik, Wojciech"]
[Result "1/2-1/2"]
[ECO "E27"]
[WhiteElo "2195"]
[BlackElo "2409"]
[Annotator "ChessBase"]
[PlyCount "46"]
[EventDate "2019.09.07"]
[EventType "team-tourn"]
[EventCountry "POL"]
[SourceTitle "playchess.com"]
[Source "ChessBase"]
[SourceQuality "1"]
[TimeControl "40/5400+30:1800+30"]

1. d4 Nf6 2. c4 e6 3. Nc3 Bb4 4. a3 Bxc3+ 5. bxc3 O-O 6. f3 d5 7. e3 c5 8. cxd5 exd5 9. Bd3 Re8 10. Ne2 Nc6 11. O-O Qd6 12. Ng3 Bd7 13. Nf5 Bxf5 14. Bxf5 Na5 15. Re1 g6 16. Bd3 Rac8 17. Qa4 b6 18. Bd2 Re7 19. Rac1 Qc6 20. Bb5 Qb7 21. Bd3 Qc6 22. Bb5 Qb7 23. Bd3 Qc6 1/2-1/2

[Event "POL-chT 2 Liga 2019"]
[Site "Poronin"]
[Date "2019.09.07"]
[Round "1.50"]
[White "Lizak, Jakub"]
[Black "Karpus, Michal"]
[Result "0-1"]
[ECO "C44"]
[WhiteElo "2236"]
[BlackElo "2290"]
[Annotator "ChessBase"]
[PlyCount "78"]
[EventDate "2019.09.07"]
[EventType "team-tourn"]
[EventCountry "POL"]
[SourceTitle "playchess.com"]
[Source "ChessBase"]
[SourceQuality "1"]
[TimeControl "40/5400+30:1800+30"]

1. e4 e5 2. Nf3 Nc6 3. g3 Nf6 4. d3 d5 5. exd5 Nxd5 6. Bg2 Bg4 7. O-O Qd7 8. Qe1 f6 9. Be3 O-O-O 10. Nc3 Nxe3 11. fxe3 h5 12. Qf2 Bc5 13. a3 g5 14. Nd2 h4 15. Nce4 Be7 16. Nb3 hxg3 17. Qxg3 f5 18. Nec5 Bxc5 19. Nxc5 Qd6 20. b4 Rh4 21. Rxf5 Bxf5 22. Qxg5 Qh6 23. Qxf5+ Kb8 24. Qf3 e4 25. Qg3 Rh8 26. Rf1 Rxh2 27. Nxe4 Rh1+ 28. Kf2 Rf8+ 29. Ke2 Rhxf1 30. Bxf1 a5 31. Nc5 Qh5+ 32. Ke1 Rf3 33. Qg1 axb4 34. Be2 Qh4+ 35. Kd2 Rg3 36. Qf2 bxa3 37. Qf8+ Qd8 38. Qf4 Qd6 39. Qc4 a2 0-1

[Event "POL-chT 2 Liga 2019"]
[Site "Poronin"]
[Date "2019.09.07"]
[Round "1.51"]
[White "Krainski, Aleksander"]
[Black "Duda, Lukasz"]
[Result "1-0"]
[ECO "D05"]
[WhiteElo "2104"]
[BlackElo "2209"]
[Annotator "ChessBase"]
[PlyCount "109"]
[EventDate "2019.09.07"]
[EventType "team-tourn"]
[EventCountry "POL"]
[SourceTitle "playchess.com"]
[Source "ChessBase"]
[SourceQuality "1"]
[TimeControl "40/5400+30:1800+30"]

1. d4 d5 2. Nf3 Nf6 3. e3 e6 4. Bd3 c5 5. b3 Nbd7 6. Bb2 b6 7. O-O Bb7 8. Nbd2 Be7 9. Ne5 O-O 10. f4 Ne4 11. Ndf3 f6 12. Nxd7 Qxd7 13. c4 Rfd8 14. Qe2 Rac8 15. Rfd1 Qe8 16. Rac1 Qh5 17. cxd5 exd5 18. dxc5 Bxc5 19. Nd4 Qxe2 20. Bxe2 Bxd4 21. Bxd4 Rxc1 22. Rxc1 Rc8 23. Rxc8+ Bxc8 24. Bb5 Kf7 25. Kf1 Ke6 26. Ke1 Nd6 27. Be2 Nf5 28. Bg4 Ke7 29. Bb2 Be6 30. Kf2 Nd6 31. Bf3 Ne4+ 32. Ke2 Kd6 33. g4 a5 34. Bd4 Kc6 35. h4 h6 36. Ke1 Kc7 37. Bd1 Kc6 38. g5 hxg5 39. fxg5 fxg5 40. h5 g4 41. Bxg7 g3 42. Kf1 b5 43. Kg2 Kd6 44. Be2 b4 45. Bd3 Ke7 46. Bd4 Kf7 47. Bb6 Kg7 48. Bxa5 Nc3 49. Bxb4 Nxa2 50. Bd2 Kh6 51. Bg6 Kg7 52. Bb1 d4 53. exd4 Bxb3 54. h6+ Kh8 55. Bf4 1-0

[Event "POL-chT 2 Liga 2019"]
[Site "Poronin"]
[Date "2019.09.07"]
[Round "1.52"]
[White "Gola, Karol"]
[Black "Krainski, Slawomir"]
[Result "1-0"]
[ECO "C44"]
[WhiteElo "2203"]
[BlackElo "2077"]
[Annotator "ChessBase"]
[PlyCount "87"]
[EventDate "2019.09.07"]
[EventType "team-tourn"]
[EventCountry "POL"]
[SourceTitle "playchess.com"]
[Source "ChessBase"]
[SourceQuality "1"]
[TimeControl "40/5400+30:1800+30"]

1. e4 e5 2. Nf3 Nc6 3. d4 exd4 4. Nxd4 Nf6 5. Nxc6 bxc6 6. Bd3 d5 7. exd5 cxd5 8. O-O Be7 9. c4 c6 10. Nc3 O-O 11. h3 Be6 12. cxd5 cxd5 13. Nb5 Ne4 14. Nd4 Bd7 15. Bc2 Rc8 16. Bb3 Be6 17. Be3 Bd6 18. Nxe6 fxe6 19. Bxd5 Bh2+ 20. Kxh2 exd5 21. Bxa7 Qc7+ 22. Kg1 Nc3 23. bxc3 Qxa7 24. Qxd5+ Kh8 25. Qd4 Qa3 26. c4 Rc6 27. Rfc1 Rg6 28. Qe3 Qa8 29. g3 Rf3 30. Qe5 Qf8 31. Rc2 Rgf6 32. Qd4 Rd6 33. Qe4 Rdf6 34. Qd4 Rd6 35. Qb2 h5 36. h4 Rdf6 37. Rb1 Kh7 38. c5 Qc8 39. Qe5 g6 40. Rd1 Qg4 41. Rd4 Qc8 42. c6 Rf7 43. c7 R7f5 44. Rd8 1-0

[Event "POL-chT 2 Liga 2019"]
[Site "Poronin"]
[Date "2019.09.07"]
[Round "1.53"]
[White "Szczesniak, Andrzej"]
[Black "Szolc, Grzegorz"]
[Result "0-1"]
[ECO "E46"]
[WhiteElo "1941"]
[BlackElo "2038"]
[Annotator "NA"]
[PlyCount "100"]
[EventDate "2019.09.07"]
[EventType "team-tourn"]
[EventCountry "POL"]
[SourceTitle "playchess.com"]
[Source "ChessBase"]
[SourceQuality "1"]
[TimeControl "40/5400+30:1800+30"]

1. d4 Nf6 2. c4 e6 3. Nc3 Bb4 4. e3 O-O 5. Nge2 b6 6. a3 Bxc3+ 7. Nxc3 Bb7 8. d5 e5 9. e4 h6 10. Bd3 d6 11. O-O Nbd7 12. b4 a5 13. Rb1 axb4 14. axb4 Ba6 15. Be3 Qe7 16. Nb5 Bxb5 17. cxb5 Ra7 18. Rc1 Rfa8 19. Rc6 Nf8 20. Qf3 Ng6 21. Rfc1 Ne8 22. g3 Ra3 23. Bf1 Rb3 24. Bh3 Rxb4 25. Bf5 Qf6 26. Qg4 Ne7 27. Bd7 Nxc6 28. Bxc6 Rd8 29. Bxe8 Rxe8 30. Rxc7 Rxb5 31. Rb7 Rb1+ 32. Kg2 b5 33. Qe2 Rb4 34. f3 Rc8 35. Rxb5 Rxb5 36. Qxb5 Rc2+ 37. Bf2 Qd8 38. Qd3 Qc7 39. g4 Qc5 40. Qf1 Qc3 41. Kg3 Qd2 42. Qe1 Qf4+ 43. Kg2 g6 44. Qd1 Rd2 45. Qb3 Kg7 46. Kg1 Re2 47. Qc3 h5 48. h3 h4 49. Qd3 Qc1+ 50. Kg2 Qb2 0-1